 Dungeon Crawl Stone Soup version 0.22-a0-353-g2d6336e718 (webtiles) character file.

347 Tesserakt the Slasher (level 6, -4/47 HPs)
             Began as a Demonspawn Fighter on Apr 15, 2018.
             Slain by an ogre
             ... wielding a +0 giant club
              (19 damage)
             ... on level 5 of the Dungeon.
             The game lasted 00:04:11 (3560 turns).

Tesserakt the Slasher (Demonspawn Fighter)          Turns: 3560, Time: 00:04:12

Health: -4/47      AC:  6    Str: 22    XL:     6   Next: 33%
Magic:  6/6        EV:  9    Int:  9    God:
Gold:   214        SH:  9    Dex: 14    Spells: 5/5 levels left

rFire    . . .     SeeInvis .   a - +0 long sword
rCold    . . .     Gourm    .   c - +0 shield
rNeg     . . .     Faith    .   b - +0 scale mail
rPois    .         Spirit   .   (no helmet)
rElec    .         Reflect  .   (no cloak)
rCorr    .         Harm     .   (no gloves)
MR       .....                  (no boots)
Stlth    ..........             (no amulet)
HPRegen  0.15/turn              (no ring)
MPRegen  0.10/turn              (no ring)

@: mighty
A: repulsion field 1, powered by pain 1, spiny 1
a: no special abilities


You were on level 5 of the Dungeon.
You were hungry.

You visited 1 branch of the dungeon, and saw 5 of its levels.

You collected 214 gold pieces.

Inventory:

Hand Weapons
 a - a +0 long sword (weapon)
Armour
 b - a +0 scale mail (worn)
 c - a +0 shield (worn)
Jewellery
 o - a cursed ring of teleportation {unknown}
 r - an uncursed ring of resist corrosion {unknown}
Scrolls
 e - 2 scrolls of magic mapping {unknown}
 g - a scroll of amnesia {unknown}
 h - a scroll of random uselessness {unknown}
 i - 2 scrolls of immolation {unknown}
 j - 5 scrolls of identify {unknown}
 k - a scroll of noise {unknown}
 l - 4 scrolls of remove curse {unknown}
 m - a scroll of blinking {unknown}
 n - a scroll of enchant weapon {unknown}
 p - a scroll of fear {unknown}
 u - a scroll of teleportation {unknown}
Potions
 d - 2 potions of might
 q - a potion of magic {unknown}
 s - a potion of resistance {unknown}
 t - a potion of curing {unknown}
 v - 2 potions of invisibility {unknown}
 w - a potion of haste {unknown}
Comestibles
 f - 9 rations


   Skills:
 + Level 3.0 Fighting
 + Level 6.1 Long Blades
 + Level 2.7 Armour
 + Level 2.7 Shields


You had 5 spell levels left.
You didn't know any spells.

Dungeon Overview and Level Annotations

Branches:
Dungeon (5/15)
 Temple: D:4-7

Altars:


Innate Abilities, Weirdness & Mutations

You are surrounded by a mild repulsion field. (EV +2)
You sometimes gain a little power by taking damage.
You are partially covered in sharp spines.


Message History

The ogre is heavily wounded.
The ogre hits you with a giant club!
* * * LOW HITPOINT WARNING * * *
You focus on the pain.
You feel very mighty all of a sudden.
You are too injured to fight recklessly!
You are too injured to fight recklessly!
You are too injured to fight recklessly!
You are too injured to fight recklessly!
You are too injured to fight recklessly!
You are too injured to fight recklessly!
You are too injured to fight recklessly!
You are too injured to fight recklessly!
You are too injured to fight recklessly!
You are too injured to fight recklessly!
You are too injured to fight recklessly!
You slash the ogre!
The ogre is almost dead.
The ogre hits you with a giant club!!
You die...

#.......##...........
#.......##.........##
######.######.######
#...# #.# ###.####.#
#....#.# ####<..##
##...# #@..# #O#.#
#.†........
#............
###..........
#.!........
.#.........
#.#.........
............


You could see an ogre.

Vanquished Creatures
  Natasha (thrice) (D:3)
  An orc wizard (D:4)
  A worker ant (D:4)
  4 gnolls (D:4)
  5 adders
  A shadow imp (D:5)
  An ooze (D:4)
  4 worms
  2 dart slugs
  2 leopard geckos
  8 orcs
  3 ball pythons
  6 bats
  5 giant cockroaches
  8 goblins
  13 hobgoblins
  12 jackals
  9 kobolds
  A quokka (D:3)
  7 frilled lizards
  A leopard gecko skeleton (D:4)
  A quokka skeleton (D:4)
  A quokka zombie (D:4)
  8 rats
107 creatures vanquished.

Notes
Turn   | Place    | Note
-------+----------+-------------------------------------------
     0 | D:1      | Tesserakt the Demonspawn Fighter began the quest for the Orb.
     0 | D:1      | Reached XP level 1. HP: 18/18 MP: 1/1
    28 | D:1      | Reached skill level 2 in Long Blades
   136 | D:1      | Gained mutation: You are partially covered in sharp spines. [demonic ancestry]
   136 | D:1      | Reached XP level 2. HP: 13/24 MP: 2/2
   378 | D:1      | Reached skill level 3 in Long Blades
   774 | D:1      | Gained mutation: You sometimes gain a little power by taking damage. [demonic ancestry]
   774 | D:1      | Reached XP level 3. HP: 29/29 MP: 3/3
  1204 | D:2      | Gained mutation: You are surrounded by a mild repulsion field. (EV +2) [demonic ancestry]
  1204 | D:2      | Reached XP level 4. HP: 16/35 MP: 4/4
  1321 | D:2      | Reached skill level 4 in Long Blades
  2492 | D:3      | Reached XP level 5. HP: 31/41 MP: 5/5
  2563 | D:3      | Noticed Natasha
  2576 | D:3      | Killed Natasha
  2576 | D:3      | Reached skill level 5 in Long Blades
  2895 | D:3      | Noticed Natasha
  2898 | D:3      | Killed Natasha
  2908 | D:3      | Noticed Natasha
  2918 | D:3      | Killed Natasha
  3293 | D:4      | Reached XP level 6. HP: 33/47 MP: 6/6
  3368 | D:4      | Reached skill level 6 in Long Blades
  3528 | D:5      | Entered Level 5 of the Dungeon
  3560 | D:5      | Slain by an ogre

Vault maps used:
D:1:      lightli_arrival_noodles
D:3:      minmay_door_path, uniq_natasha
D:4:      first_ration
D:5:      minmay_opposing_rooms, nicolae_overflow_crystal_walls

Skill      XL: |  1  2  3  4  5  6 |
---------------+-------------------+-----
Long Blades    | 2 3 4 5 6 |  6.1
Fighting       | |  3.0
Armour         | |  2.7
Shields        | |  2.7

Action                   |  1- 3 |  4- 6 || total
-------------------------+-------+-------++-------
Melee: Long sword        |   132 |   166 ||   298
  Eat: Chunk             |     1 |     7 ||     8
Armor: Scale mail        |    70 |    53 ||   123
Dodge: Dodged            |    38 |    59 ||    97
Block: Shield            |    60 |    94 ||   154
       Rpst.: Long sword |    11 |    22 ||    33

Table legend:
 A = Spawn XP
 B = Non-spawn XP
 C = Spawn XP percentage of total XP
 D = Spawn monster count
 E = Non-spawn monster count
 F = Spawn count percentage of total count
 G = Total turns spent on level
                    A         B        C        D         E        F      G
               +---------+---------+-------+---------+---------+-------+---------
         Total |       0 |     497 |   0.0 |       0 |     107 |   0.0 |  3560
               +---------+---------+-------+---------+---------+-------+---------
           D:1 |       0 |      52 |   0.0 |       0 |      27 |   0.0 |  1055
           D:2 |       0 |      72 |   0.0 |       0 |      25 |   0.0 |   816
           D:3 |       0 |     194 |   0.0 |       0 |      34 |   0.0 |  1108
           D:4 |       0 |     166 |   0.0 |       0 |      19 |   0.0 |   549
           D:5 |       0 |      13 |   0.0 |       0 |       2 |   0.0 |    32
               +---------+---------+-------+---------+---------+-------+---------
